 Dungeon Crawl Stone Soup version 0.21.0-3-g78d12a8 (webtiles) character file.

10398 Haldmier the Spear-Bearer (level 11, -1/75 HPs)
             Began as a Merfolk Air Elementalist on Jan 9, 2018.
             Was a High Priest of Vehumet.
             Slain by an unseen horror (5 damage)
             ... on level 10 of the Dungeon.
             The game lasted 01:46:27 (15800 turns).

Haldmier the Spear-Bearer (MfAE)                   Turns: 15800, Time: 01:46:27

Health: -1/75      AC:  9    Str:  8    XL:     11   Next: 61%
Magic:  14/20      EV: 14    Int: 17    God:    Vehumet [*****.]
Gold:   577        SH:  0    Dex: 16    Spells: 5/23 levels left

rFire    + . .     SeeInvis .   G - +3 halberd
rCold    + . .     Gourm    .   (shield currently unavailable)
rNeg     . . .     Faith    .   D - +0 troll leather armour
rPois    .         Spirit   .   k - +1 helmet
rElec    .         Reflect  .   a - +0 cloak
rCorr    .         Harm     .   c - +0 pair of gloves
MR       .....                  d - +0 pair of boots
Stlth    ++........             (no amulet)
HPRegen  0.62/turn              I - ring of protection from cold
MPRegen  0.17/turn              F - ring of protection from fire

@: no status effects
A: change form in water, swift swim, stealthy swim
a: Renounce Religion


You were on level 10 of the Dungeon.
You worshipped Vehumet.
Vehumet was extremely pleased with you.
You were very hungry.

You visited 2 branches of the dungeon, and saw 11 of its levels.
You also visited: Ossuary and Bailey.

You collected 577 gold pieces.

Inventory:

Hand Weapons
 C - a +1 trident
 G - a +3 halberd (weapon)
 J - a +0 glaive
Missiles
 m - 4 exploding tomahawks
 w - 3 tomahawks
 y - 8 javelins (quivered)
 L - 17 javelins of returning
 S - a throwing net
Armour
 a - a +0 cloak (worn)
 c - a +0 pair of gloves (worn)
 d - a +0 pair of boots (worn)
 f - a +4 ring mail
 k - a +1 helmet (worn)
 D - a +0 troll leather armour (worn)
 V - a +0 buckler
Magical Staves
 Q - an uncursed staff of wizardry
 Y - an uncursed staff of summoning {unknown}
 Z - an uncursed staff of power {unknown}
Jewellery
 F - a ring of protection from fire (right hand)
 I - a ring of protection from cold (left hand)
 K - an uncursed ring of stealth
 N - a +1 ring of evasion {unknown}
 W - an uncursed ring of resist corrosion {unknown}
Wands
 g - a wand of iceblast (19)
 h - a wand of digging (9)
 B - a wand of flame (61)
Scrolls
 i - a scroll of enchant armour
 q - 7 scrolls of teleportation
 u - 2 scrolls of identify
 H - 6 scrolls of enchant weapon
 R - a scroll of blinking
 T - 3 scrolls of magic mapping
Potions
 j - 5 potions of curing {unknown}
 n - 2 potions of cancellation {unknown}
 o - a potion of invisibility {unknown}
 p - 4 potions of mutation
 r - 3 potions of heal wounds
 s - a potion of haste {unknown}
 t - 6 potions of lignification {unknown}
 v - 5 potions of brilliance
 x - a potion of flight {unknown}
 A - a potion of might {unknown}
 E - 3 potions of degeneration {unknown}
 M - a potion of ambrosia {unknown}
 O - a potion of resistance {unknown}
Books
 b - a book of Air

   Spells                             Type                      Level
   a - Shock                          Conjuration/Air              1
   b - Swiftness                      Charms/Air                   2
   c - Static Discharge               Conjuration/Air              3
   d - Airstrike                      Air                          4
   e - Lightning Bolt                 Conjuration/Air              5
 l - a book of Party Tricks

   Spells                             Type                      Level
   a - Summon Butterflies             Summoning                    1
   b - Apportation                    Translocation                1
   c - Lesser Beckoning               Translocation                3
   d - Tukima's Dance                 Hexes                        3
   e - Alistair's Intoxication        Transmutation/Poison         5
   f - Invisibility                   Hexes                        6
 z - a book of Callings

   Spells                             Type                      Level
   a - Summon Small Mammal            Summoning                    1
   b - Call Imp                       Summoning                    2
   c - Call Canine Familiar           Summoning                    3
   d - Summon Guardian Golem          Hexes/Summoning              3
   e - Summon Lightning Spire         Summoning/Air                4
   f - Summon Ice Beast               Ice/Summoning                4
 U - a book of Maledictions

   Spells                             Type                      Level
   a - Corona                         Hexes                        1
   b - Ensorcelled Hibernation        Hexes/Ice                    2
   c - Confuse                        Hexes                        3
   d - Tukima's Dance                 Hexes                        3
   e - Dazzling Spray                 Conjuration/Hexes            3
Miscellaneous
 P - a lamp of fire
 X - a phantom mirror
Comestibles
 e - 19 rations


   Skills:
 - Level 3.0 Fighting
 + Level 11.9 Polearms
 - Level 5.0 Dodging
 - Level 3.0 Stealth
 + Level 6.5 Spellcasting
 - Level 5.0 Conjurations
 - Level 7.0 Summonings
 - Level 8.0 Air Magic
 - Level 4.0 Poison Magic


You had 5 spell levels left.
You knew the following spells:

 Your Spells              Type           Power        Failure   Level  Hunger
a - Shock                 Conj/Air       ####         1%          1    None
b - Swiftness             Chrm/Air       ###.....     5%          2    None
c - Static Discharge      Conj/Air       ####....     1%          3    ##.....
d - Airstrike             Air            ####......   1%          4    ####...
e - Summon Lightning Spi  Summ/Air       ####....     8%          4    ####...
f - Olgreb's Toxic Radia  Pois           ###.....     9%          4    ####...


Dungeon Overview and Level Annotations

Branches:
Dungeon (10/15)            Temple (1/1) D:7             Orc (0/2) D:9
   Lair: D:8-11

Altars:
Ashenzari
Cheibriados
Dithmenos
Elyvilon
Fedhas
Gozag
Hepliaklqana
Kikubaaqudgha
Makhleb
Nemelex Xobeh
Okawaru
Qazlal
Ru
Sif Muna
Trog
Uskayaw
Vehumet
Wu Jian
Xom
Yredelemnul
Zin
The Shining One

Shops:
D:4 }

Annotations:
D:10 exclusion: cyclops


Message History

The troll is heavily wounded.
Something hits you!
* * * LOW HITPOINT WARNING * * *
Your lightning spire shoots out a bolt of lightning at the troll!
The bolt of electricity hits the troll.
The troll bites your lightning spire but does no damage.
The troll claws your lightning spire.
The troll claws your lightning spire but does no damage.
You strike the helpless troll from behind!
You hit the troll but do no damage.
The troll is severely wounded.
Something hits you.
* * * LOW HITPOINT WARNING * * *
The troll bites you.
* * * LOW HITPOINT WARNING * * *
The troll claws you!
* * * LOW HITPOINT WARNING * * *
The troll claws you but does no damage.
You miss something. Something hits you.
You die...

.............## ##...#..##
....#........# #...###.##
....##......## ##..## ##.##
....##.....)## #...# ##.##
).[..........### ##..## ##.#
[..............#####....## ###
#........#.........#.....##
#........#####............###
#...##....####..@.8.........##
...####...##.....T...........###
...# ##..#....................##
...# ##................###..##.#
..#####................>##..#####
..###......................##
..##......................##
......................##...#
......................###..#


You could see a troll and a friendly lightning spire.

Vanquished Creatures
  A two-headed ogre (D:8)
  2 trolls
  2 hippogriffs
  Prince Ribbit (D:7)
  Sigmund (D:6)
  2 hungry ghosts (D:8)
  A water moccasin (D:7)
  6 sky beasts
  5 orc warriors
  2 black bears
  A phantom (D:9)
  7 ogres
  8 centaurs
  2 big kobolds
  3 elf zombies (Ossuary)
  9 bullfrogs
  A wyvern zombie (D:8)
  A gnoll sergeant (D:8)
  A water moccasin zombie (D:6)
  4 scorpions
  7 wights
  A howler monkey (D:8)
  5 crimson imps
  A bullfrog zombie (D:8)
  5 centaur zombies
  A quasit (D:8)
  A human zombie (Ossuary)
  Crazy Yiuf (D:7)
  A centaur skeleton (D:4)
  9 orc priests
  5 hounds
  A jelly (D:9)
  10 orc wizards
  2 iguanas
  6 worker ants
  A hound zombie (D:8)
  A hound skeleton (D:4)
  2 mummies (Ossuary)
  3 worker ant zombies
  A howler monkey zombie (D:9)
  3 gnolls (D:8)
  10 adders
  A shadow imp (D:9)
  An ooze (D:2)
  2 adder zombies (Ossuary)
  2 adder skeletons
  3 worms
  3 dart slugs
  9 leopard geckos
  51 orcs
  3 giant cockroaches
  14 goblins
  8 hobgoblins
  10 jackals
  4 quokkas
  11 bats
  3 frilled lizards
  3 goblin zombies (Ossuary)
  5 hobgoblin zombies (Ossuary)
  A jackal skeleton (D:5)
  A jackal zombie (Ossuary)
  19 kobolds
  14 kobold zombies (Ossuary)
  6 orc zombies (Ossuary)
  5 rats
  A rat zombie (Ossuary)
317 creatures vanquished.

Vanquished Creatures (collateral kills)
  A centaur warrior (D:8)
  A two-headed ogre (D:9)
  A cyclops (D:8)
  Psyche (D:8)
  A troll (D:9)
  The ghost of tv1990 the Bolt Thrower, an amateur FoHu (D:3)
  8 orc warriors
  A necrophage (D:8)
  3 centaurs (Bailey)
  A bullfrog (D:8)
  A killer bee (D:8)
  3 wights
  An orc priest (D:8)
  A gnoll shaman (D:8)
  A centaur skeleton (D:8)
  An iguana (D:8)
  A hound skeleton (D:8)
  6 gnolls
  A shadow imp (D:8)
  A leopard gecko (D:10)
  11 orcs
47 creatures vanquished.

Grand Total: 364 creatures vanquished

Notes
Turn   | Place    | Note
-------+----------+-------------------------------------------
     0 | D:1      | Haldmier the Merfolk Air Elementalist began the quest for the Orb.
     0 | D:1      | Reached XP level 1. HP: 13/13 MP: 3/3
   327 | D:1      | Reached skill level 1 in Conjurations
   327 | D:1      | Reached XP level 2. HP: 14/19 MP: 0/5
  1036 | D:1      | Reached XP level 3. HP: 24/24 MP: 4/6
  1333 | D:1      | Learned a level 2 spell: Swiftness
  1337 | D:1      | Learned a level 3 spell: Static Discharge
  1675 | D:2      | Reached XP level 4. HP: 30/30 MP: 1/7
  2511 | D:3      | Reached XP level 5. HP: 36/36 MP: 1/8
  2526 | D:3      | Reached skill level 1 in Fighting
  2992 | D:3      | Noticed tv1990's ghost (amateur FoHu)
  3238 | D:3      | Reached skill level 1 in Polearms
  3620 | D:4      | Noticed an ogre
  3628 | D:3      | Reached XP level 6. HP: 30/43 MP: 5/10
  3804 | D:3      | Reached skill level 2 in Polearms
  4014 | D:4      | Learned a level 4 spell: Airstrike
  4197 | D:4      | Reached skill level 3 in Polearms
  4375 | D:4      | Reached XP level 7. HP: 43/50 MP: 4/11
  4650 | D:4      | Reached skill level 4 in Polearms
  4811 | D:4      | Found Lunges's Gadget Shop.
  5392 | D:5      | Entered Level 5 of the Dungeon
  5415 | D:5      | Reached skill level 5 in Dodging
  5626 | D:5      | Reached skill level 5 in Polearms
  5714 | D:5      | Reached XP level 8. HP: 40/58 MP: 2/12
  6055 | D:5      | Found a sacrificial altar of Ru.
  6316 | D:6      | Found an opulent altar of Gozag.
  6444 | D:6      | Found a radiant altar of Vehumet.
  6459 | D:6      | Became a worshipper of Vehumet
  6540 | D:6      | Noticed Sigmund
  6556 | D:6      | Reached skill level 6 in Polearms
  6955 | D:6      | Learned a level 4 spell: Summon Lightning Spire
  7227 | D:7      | Found a burning altar of Makhleb.
  7247 | D:6      | Reached skill level 1 in Summonings
  7437 | D:7      | Found a staircase to the Ecumenical Temple.
  7443 | D:7      | Noticed Prince Ribbit
  7462 | D:7      | Reached skill level 7 in Polearms
  7708 | D:7      | Reached skill level 5 in Air Magic
  7708 | D:7      | Reached XP level 9. HP: 31/63 MP: 10/15
  7763 | D:7      | Found a shimmering altar of Xom.
  7763 | D:7      | Found a hide-covered altar of Uskayaw.
  7868 | D:7      | Found a sand-covered staircase.
  7875 | Ossuary  | Entered an ossuary
  7900 | Ossuary  | Reached * piety under Vehumet
  7900 | Ossuary  | Offered knowledge of Freeze by Vehumet.
  7942 | Ossuary  | Reached skill level 8 in Polearms
  8606 | D:7      | Offered knowledge of Sting by Vehumet.
  8609 | D:7      | Reached ** piety under Vehumet
  8609 | D:7      | Reached skill level 5 in Summonings
  8641 | D:7      | Found a sparkling altar of Nemelex Xobeh.
  8733 | Temple   | Entered the Ecumenical Temple
  9415 | D:7      | Found a runed door.
  9420 | D:7      | Noticed Crazy Yiuf
  9424 | D:7      | Killed Crazy Yiuf
  9629 | D:7      | Reached skill level 9 in Polearms
  9967 | D:8      | Noticed a two-headed ogre
 10090 | D:8      | Found a blossoming altar of Fedhas.
 10179 | D:8      | Offered knowledge of Conjure Flame by Vehumet.
 10211 | D:8      | Found a flagged portal.
 10230 | Bailey   | Entered a bailey
 10248 | Bailey   | Reached *** piety under Vehumet
 10455 | Bailey   | Reached XP level 10. HP: 70/70 MP: 7/16
 11274 | Bailey   | Offered knowledge of Olgreb's Toxic Radiance by Vehumet.
 11742 | D:8      | Reached skill level 10 in Polearms
 12000 | D:8      | Learned a level 4 spell: Olgreb's Toxic Radiance
 12090 | D:8      | Reached **** piety under Vehumet
 12213 | D:9      | Offered knowledge of Dazzling Spray by Vehumet.
 12255 | D:9      | Reached skill level 5 in Spellcasting
 12347 | D:9      | Noticed a two-headed ogre
 12395 | D:9      | Killed a two-headed ogre
 12561 | D:9      | Found a staircase to the Orcish Mines.
 13058 | D:8      | Reached XP level 11. HP: 64/75 MP: 14/18
 13112 | D:8      | Killed a two-headed ogre
 13112 | D:8      | Reached skill level 1 in Poison Magic
 13195 | D:8      | Reached skill level 11 in Polearms
 13295 | D:8      | Noticed a centaur warrior
 13306 | D:8      | Killed a centaur warrior
 13355 | D:8      | Noticed Psyche
 13359 | D:8      | Killed Psyche
 13405 | D:8      | Noticed a cyclops
 13498 | D:8      | Killed a cyclops
 14190 | D:6      | Killed Sigmund
 14346 | D:3      | Killed tv1990's ghost
 14497 | D:7      | Killed Prince Ribbit
 14497 | D:7      | Reached skill level 5 in Conjurations
 14554 | D:10     | Entered Level 10 of the Dungeon
 14630 | D:10     | Reached ***** piety under Vehumet
 14670 | D:10     | Offered knowledge of Iskenderun's Battlesphere by Vehumet.
 14983 | D:10     | Noticed a cyclops
 15800 | D:10     | Slain by an unseen horror

Skill      XL: |  1  2  3  4  5  6  7  8  9 10 11 |
---------------+----------------------------------+-----
Conjurations   | 1 2 3 4 5 |  5.0
Dodging        | 3 4 5 |  5.0
Stealth        | 3 |  3.0
Air Magic      | 3 4 5 6 7 8 |  8.0
Fighting       | 1 2 3 |  3.0
Polearms       | 1 3 5 7 9 10 11 | 11.9
Spellcasting   | 3 4 5 6 |  6.5
Summonings     | 3 6 7 |  7.0
Poison Magic   | 4 |  4.0

Action                   |  1- 3 |  4- 6 |  7- 9 | 10-12 || total
-------------------------+-------+-------+-------+-------++-------
Melee: Short sword       |    10 |       |       |       ||    10
       Spear             |    26 |    47 |    41 |       ||   114
       Trident           |       |       |   351 |       ||   351
       Halberd           |       |       |    46 |   416 ||   462
       Tailslap          |       |       |       |     1 ||     1
Throw: Javelin           |       |       |       |     4 ||     4
 Cast: Shock             |    73 |   104 |   277 |   109 ||   563
       Static Discharge  |       |     2 |    10 |       ||    12
       Swiftness         |       |       |     2 |       ||     2
       Summon Lightning  |       |       |     7 |    44 ||    51
  Use: Scroll            |       |     4 |     7 |     7 ||    18
       Potion            |       |       |       |     1 ||     1
 Stab: Sleeping          |     1 |     4 |     3 |     6 ||    14
       Distracted        |       |       |     3 |     6 ||     9
  Eat: Chunk             |     4 |     9 |    12 |    19 ||    44
       Ration            |       |       |     3 |     2 ||     5
Armor: Robe              |    12 |    23 |     7 |       ||    42
       Troll leather arm |       |       |   128 |   149 ||   277
Dodge: Dodged            |    48 |    57 |   292 |   273 ||   670
